 Dungeon Crawl Stone Soup version 0.29-a0-297-g7659ce593d (webtiles) character file.

Game seed: 2770823385707088457

25 kae the Firebug (level 3, -1/20 HPs)
             Began as a Tengu Fire Elementalist on Mar 21, 2022.
             Killed from afar by Natasha (5 damage)
             ... with a magic dart
             ... on level 2 of the Dungeon.
             The game lasted 00:00:56 (1556 turns).

kae the Firebug (Tengu Fire Elementalist)           Turns: 1556, Time: 00:00:56

Health: -1/20      AC:  2    Str:  8    XL:     3   Next: 4%
Magic:  3/7        EV: 12    Int: 17    God:
Gold:   13         SH:  0    Dex: 14    Spells: 5/6 levels left

rFire   . . .      SeeInvis .   (no weapon)
rCold   . . .      Faith    .   (no shield)
rNeg    . . .      Spirit   .   a - +0 robe
rPois   .          Reflect  .   (helmet restricted)
rElec   .          Harm     .   (no cloak)
rCorr   .          Rampage  .   (no gloves)
Will    .....                   (boots unavailable)
Stlth   ++........              (no amulet)
HPRegen 0.06/turn               (no ring)
MPRegen 0.10/turn               (no ring)

@: very slightly contaminated
A: beak, talons 3
a: no special abilities


You were on level 2 of the Dungeon.
You visited 1 branch of the dungeon, and saw 2 of its levels.

You collected 33 gold pieces.
You spent 20 gold pieces at shops.

Inventory:

Armour
 a - a +0 robe (worn)
Scrolls
 d - a scroll of teleportation
Potions
 b - a potion of magic
 c - 3 potions of curing


   Skills:
 + Level 0.9 Fighting
 - Level 2.1 Dodging
 - Level 2.0 Stealth
 + Level 2.2 Spellcasting
 + Level 2.1 Conjurations
 * Level 3.8 Fire Magic


You had 5 spell levels left.
You knew the following spells:

 Your Spells              Type           Power      Damage    Failure   Level
a - Foxfire               Conj/Fire      48%        2x1d6     5%          1

Your spell library contained the following spells:

 Spells                   Type           Power      Damage    Failure   Level
 Scorch                   Fire           30%        2d6       6%          2
 Conjure Flame            Conj/Fire      12%        6-21      17%         3
 Inner Flame              Hex/Fire       8%         N/A       26%         3
 Flame Wave               Conj/Fire      12%        2d6       50%         4


Dungeon Overview and Level Annotations

Branches:
Dungeon (2/15)

Altars:

Shops:
D:1 *

Annotations:
D:2 Natasha


Innate Abilities, Weirdness & Mutations

You have a beak for a mouth.
You have claws for feet.


Message History

Found a stone staircase leading down.
Natasha is nearby!
Natasha is nearby!
Casting: Foxfire (safe; 5% risk of failure)
Confirm with . or Enter, or press ? or * to list all spells.
You conjure some foxfire!
The foxfire hits Natasha.
Natasha is moderately wounded.
Casting: Foxfire (safe; 5% risk of failure)
Confirm with . or Enter, or press ? or * to list all spells.
You conjure some foxfire!
The foxfire hits Natasha.
Natasha is heavily wounded.
The foxfire hits Natasha.
Natasha is almost dead.
Casting: Foxfire (safe; 5% risk of failure)
Confirm with . or Enter, or press ? or * to list all spells.
You conjure some foxfire!
The foxfire hits Natasha but does no damage.
Natasha is almost dead.
Natasha mumbles some strange words.
Natasha casts a spell at you. The magic dart hits you!
Casting: Foxfire (safe; 5% risk of failure)
Confirm with . or Enter, or press ? or * to list all spells.
You miscast Foxfire.
You are very lightly contaminated with residual magic.
Nothing appears to happen.
Natasha misses you.
Your foxfire dissipates!
You are too injured to fight recklessly!
You are too injured to fight recklessly!
You barely miss Natasha. Your kick misses Natasha.
You punch Natasha, but do no damage.
Natasha is almost dead.
Natasha claws you!
* * * LOW HITPOINT WARNING * * *
You hit Natasha. Your kick misses Natasha. Your peck misses Natasha.
Natasha is almost dead.
Natasha casts a spell at you. The magic dart hits you.
You die...

# ## # .. .. .#
...#### .# ...
.>..... 5##..
....... ...#
......h#.#.##.#
#@......#
#<##.##.# #.#
#.# #.. #.# .##
#


You could see Natasha and a white imp (summoned).

Vanquished Creatures
  2 dart slugs (D:1)
  A ball python (D:1)
  5 bats (D:1)
  2 endoplasms (D:1)
  A giant cockroach (D:1)
  A hobgoblin (D:1)
  2 kobolds (D:1)
  A quokka (D:1)
  2 frilled lizards (D:1)
  3 rats (D:1)
20 creatures vanquished.

Vanquished Creatures (others)
  69 foxfires
69 creatures vanquished.

Grand Total: 89 creatures vanquished

Notes
Turn   | Place    | Note
-------+----------+-------------------------------------------
     0 | D:1      | kae the Tengu Fire Elementalist began the quest for the
                  | Orb.
     0 | D:1      | Reached XP level 1. HP: 10/10 MP: 4/4
   142 | D:1      | Found Genlicekh's Assorted Antiques.
   147 | D:1      | Bought an emerald potion for 20 gold pieces
   214 | D:1      | Reached XP level 2. HP: 16/16 MP: 4/6
  1283 | D:1      | Reached XP level 3. HP: 20/20 MP: 3/7
  1547 | D:2      | Noticed Natasha
  1556 | D:2      | Killed from afar by Natasha

Illustrated notes

Levels and vault maps discovered:
D:1:      dpeg_arrival_solitude, layout_loops_cross, serial_shops, shop,
          kennysheep_flooded_box
D:2:      layout_loops_cross, hellmonk_ecumenical_altar_defaced_shrine,
          minivault_11, uniq_jessica, uniq_natasha, uniq_sigmund

Skill      XL: |  1  2 |
---------------+-------+-----
Conjurations   | 2 |  2.1
Fighting       | |  0.9
Dodging        | |  2.1
Stealth        | |  2.0
Spellcasting   | |  2.2
Fire Magic     | |  3.8

Action                   || total
-------------------------++-------
Melee: Unarmed           ||    12
       Kick              ||     2
       Peck              ||     2
       Punch             ||     1
 Cast: Foxfire           ||    45
  Use: Scroll            ||     3
Armor: Robe              ||     5
Dodge: Dodged            ||    16

Table legend: (Time is in decaauts)
 A = Elapsed time spent in this place.
 B = Non-inter-level travel time spent in this place.
 C = Inter-level travel time spent in this place.
 D = Time resting spent in this place.
 E = Time spent auto-exploring this place.
 F = Levels seen in this place.
 G = Mean time per level.
                   A        B        C        D        E       F      G
               +--------+--------+--------+--------+--------+-----+--------+
         Total |   1555 |   1548 |      7 |      2 |   1387 |   2 |  777.5 |
       Dungeon |   1555 |   1548 |      7 |      2 |   1387 |   2 |  777.5 |
               +--------+--------+--------+--------+--------+-----+--------+

Top non-repeatable levels by time:
     D:1: 1546 daAuts
     D:2: 9 daAuts
